 Dungeon Sprint DCSS version 0.17.0-27-g4a3f43e (webtiles) character file.

195 oplop the Thaumaturge (level 5, -12/28 HPs)
             Began as a Deep Elf Fire Elementalist on Nov 21, 2015.
             Mangled by a fire vortex (19 damage)
             ... in the Dungeon (Sprint V: "Ziggurat Sprint").
             The game lasted 00:02:04 (176 turns).

oplop the Thaumaturge (Deep Elf Fire Elementalist)   Turns: 176, Time: 00:02:04

Health: -12/28     AC:  2    Str:  5    XL:     5   Next: 45%
Magic:  18/23      EV: 13    Int: 27    God:
Gold:   0          SH:  0    Dex: 15    Spells: 4 memorised, 10 levels left

rFire  . . .     SeeInvis .     M - +6 Majin-Bo {vamp, Archmagi MP+6 Int+6}
rCold  . . .     Clarity  .     a - +0 robe
rNeg   . . .     SustAt   .     (shield currently unavailable)
rPois  .         Gourm    .     (no helmet)
rElec  .         Spirit   .     (no cloak)
rCorr  .         Warding  .     (no gloves)
rMut   .         NoTele   +     (no boots)
MR     .....                    (no amulet)
Stlth  ++........               (no ring)
                                (no ring)

@: not resistant to hostile enchantments, unstealthy
A: no striking features
a: no special abilities


You were in the Dungeon.
You were not hungry.

You visited 1 branch

Inventory:

Hand Weapons
 M - the +6 Majin-Bo (weapon) {vamp, Archmagi MP+6 Int+6}
   (You found it in the Dungeon)

   It inflicts no extra harm, but heals its wielder somewhat when it strikes a
   living foe.
   It affects your intelligence (+6).
   It affects your magic capacity (+6).
Armour
 a - a +0 robe (worn)
 N - a +3 buckler
Magical Staves
 C - an uncursed staff of energy
Jewellery
 E - a +6 ring of dexterity
 F - a +6 ring of dexterity
 G - a +6 ring of intelligence
 H - a +6 ring of intelligence
 I - a +6 ring of strength
 J - a +6 ring of strength
 K - an uncursed ring of flight
Wands
 y - a wand of disintegration (7)
 z - a wand of fire (5)
 A - a wand of cold (5)
 B - a wand of draining (5)
Scrolls
 i - 4 scrolls of blinking
 p - 4 scrolls of amnesia
 q - 3 scrolls of recharging
 r - 7 scrolls of fog
 s - a scroll of holy word
 t - 5 scrolls of identify
 u - 5 scrolls of remove curse
 v - 2 scrolls of fear
Potions
 d - 10 potions of curing
 e - 10 potions of heal wounds
 f - 6 potions of haste
 g - 7 potions of magic
 h - 3 potions of berserk rage
 j - 2 potions of brilliance
 k - 2 potions of invisibility
 l - 4 potions of resistance
 m - a potion of experience
 n - 5 potions of agility
 o - 5 potions of might
Books
 b - a book of Flames

   Spells                             Type                      Level
   a - Flame Tongue                   Conjuration/Fire             1
   b - Throw Flame                    Conjuration/Fire             2
   c - Conjure Flame                  Conjuration/Fire             3
   d - Inner Flame                    Hexes/Fire                   3
   e - Sticky Flame                   Conjuration/Fire             4
   f - Fireball                       Conjuration/Fire             5
Miscellaneous
 D - a crystal ball of energy
 L - a disc of storms
Comestibles
 c - 5 bread rations
 w - 42 fruits
 x - 3 meat rations


   Skills:
 + Level 5.4 Staves
 - Level 2.4 Dodging
 - Level 2.4 Stealth
 + Level 8.1 Spellcasting
 + Level 6.2 Conjurations
 + Level 7.0 Fire Magic


You had 10 spell levels left.
You knew the following spells:

 Your Spells              Type           Power        Failure   Level  Hunger
a - Flame Tongue          Conj/Fire      #####        1%          1    None
b - Conjure Flame         Conj/Fire      ######..     1%          3    None
c - Sticky Flame          Conj/Fire      ######..     3%          4    ##.....
d - Throw Flame           Conj/Fire      ######       1%          2    None


Dungeon Overview and Level Annotations

Branches:
Dungeon (1/1)

Altars:
Ashenzari
Cheibriados
Dithmenos
Elyvilon
Fedhas
Gozag
Kikubaaqudgha
Makhleb
Nemelex Xobeh
Okawaru
Qazlal
Ru
Sif Muna
Trog
Vehumet
Xom
Yredelemnul
Zin
The Shining One
Beogh
Jiyva
Lugonu


Message History

The hell hound is moderately wounded.
The hell hound barely misses you.
Unknown command.
You sock the hell hound!
The hell hound is severely wounded.
The hell hound bites you. x2
* * * LOW HITPOINT WARNING * * *
Unknown command.
You hit the hell hound.
You kill the hell hound!
Your Staves skill gained 2 levels and is now at level 5!
Your Spellcasting skill gained 2 levels and is now at level 8!
Your Conjurations skill gained 2 levels and is now at level 6!
Your Fire Magic skill gained 2 levels and is now at level 7!
You have reached level 5!
The fire vortex hits you.
* * * LOW HITPOINT WARNING * * *
The fire vortex burns you!
Ouch! That really hurt!
You die...

▓▓▓▓▓▓▓▓▓▓▓▓▓
▓.8©8.▓.8©8.▓
▓.%%|.▓.....▓
▓.....▓.[.).▓
▓.....▓.....▓
▓.....▓.....▓
▓.§†..▓.....▓
▓v.@..▓▓▓▓▓▓▓
▓▓▓▓▓▓▓


There were no monsters in sight!

Vanquished Creatures
  A hell hound (D)
  An eye of draining (D)
  An ooze (D)
3 creatures vanquished.

Notes
Turn   | Place    | Note
--------------------------------------------------------------
     0 | D        | oplop the Deep Elf Fire Elementalist began the quest for the Orb.
     0 | D        | Reached XP level 1. HP: 10/10 MP: 6/6
     0 | D        | Found a roughly hewn altar of Beogh.
     0 | D        | Found a corrupted altar of Lugonu.
     0 | D        | Found a viscous altar of Jiyva.
     0 | D        | Found a white marble altar of Elyvilon.
     0 | D        | Found a sparkling altar of Nemelex Xobeh.
     0 | D        | Found a burning altar of Makhleb.
     0 | D        | Found an iron altar of Okawaru.
     0 | D        | Found a deep blue altar of Sif Muna.
     0 | D        | Found a radiant altar of Vehumet.
     0 | D        | Found a bloodstained altar of Trog.
     0 | D        | Found a shimmering altar of Xom.
    48 | D        | Entered arena 1.
    48 | D        | Noticed an eye of draining
    50 | D        | Reached skill level 1 in Staves
    55 | D        | Killed an eye of draining
    55 | D        | Reached skill level 6 in Spellcasting
    55 | D        | Reached skill level 5 in Fire Magic
    55 | D        | Reached XP level 2. HP: 15/15 MP: 1/11
    55 | D        | Reached XP level 3. HP: 19/19 MP: 1/12
    55 | D        | Reached XP level 4. HP: 24/24 MP: 1/14
    60 | D        | Learned a level 3 spell: Conjure Flame
    65 | D        | Learned a level 4 spell: Sticky Flame
    68 | D        | Learned a level 2 spell: Throw Flame
   170 | D        | Entered arena 2.
   170 | D        | Noticed a hell hound
   176 | D        | Killed a hell hound
   176 | D        | Reached skill level 5 in Staves
   176 | D        | Reached skill level 8 in Spellcasting
   176 | D        | Reached XP level 5. HP: 8/28 MP: 17/17
   176 | D        | Mangled by a fire vortex

Action                   |  1- 3 |  4- 6 || total
-------------------------+-------+-------++-------
Melee: Quarterstaff      |     4 |     4 ||     8
 Cast: Flame Tongue      |     2 |       ||     2
       Conjure Flame     |       |     1 ||     1
  Eat: Meat ration       |     1 |       ||     1
